 Dungeon Crawl Stone Soup version 0.29.0-13-gc9e81de378 (webtiles) character file.

Game seed: 4448833429168389885

6 keekatzer the Caller (level 1, 0/16 HPs)
             Began as a Ghoul Summoner on Sept 9, 2022.
             Slain by a quokka (4 damage)
             ... on level 1 of the Dungeon.
             The game lasted 00:01:36 (282 turns).

keekatzer the Caller (Ghoul Summoner)                Turns: 282, Time: 00:01:37

Health: 0/16       AC:  3    Str: 11    XL:     1   Next: 90%
Magic:  1/2        EV: 12    Int: 10    God:
Gold:   35         SH:  0    Dex:  9    Spells: 2/3 levels left

rFire   + . .      SeeInvis .   a - +0 short sword
rCold   + + .      Faith    .   (no shield)
rNeg    + + +      Spirit   .   g - +1 robe {rC+ rF+}
rPois   ∞          Reflect  .   (no helmet)
rElec   .          Harm     .   (no cloak)
rCorr   .          Rampage  .   (no gloves)
Will    .....                   (no boots)
Stlth   ++........              (no amulet)
HPRegen 0.00/turn               (no ring)
MPRegen 0.08/turn               (no ring)

@: inhibited regen
A: claws 1, cold resistance 1, negative energy resistance 3, inhibited
regeneration, torment resistance 2, devour on kill
a: no special abilities


You were on level 1 of the Dungeon.
You visited 1 branch of the dungeon, and saw 1 of its levels.

You collected 35 gold pieces.

Inventory:

Hand Weapons
 a - a +0 short sword (weapon)
 f - a +0 dagger
Armour
 g - a +1 robe of resistance (worn)
Scrolls
 c - a scroll of silence {unknown}
 d - 2 scrolls of fear {unknown}
 e - a scroll of amnesia {unknown}
Potions
 b - a potion of magic


   Skills:
 + Level 1.5 Fighting
 - Level 1.7 Dodging
 - Level 2.1 Stealth
 - Level 1.7 Spellcasting
 - Level 3.6 Summonings


You had 2 spell levels left.
You knew the following spells:

 Your Spells              Type           Power      Damage    Failure   Level
a - Summon Small Mammal   Summ           32%        N/A       8%          1

Your spell library contained the following spells:

 Spells                   Type           Power      Damage    Failure   Level
 Call Imp                 Summ           8%         N/A       11%         2
 Call Canine Familiar     Summ           8%         N/A       22%         3
 Summon Guardian Golem    Hex/Summ       4%         N/A       43%         3
 Summon Lightning Spire   Summ/Air       4%         N/A       83%         4


Dungeon Overview and Level Annotations

Branches:
Dungeon (1/15)

Altars:


Innate Abilities, Weirdness & Mutations

You are immune to poison.
You have sharp fingernails.
Your flesh is cold resistant. (rC+)
You are immune to negative energy. (rN+++)
You do not regenerate when monsters are visible.
You are immune to unholy pain and torment.
You thrive by killing the living.


Message History

The quokka barely misses your bat.
Your bat barely misses the quokka.
You barely miss the quokka.
The quokka is moderately wounded.
Your bat hits the quokka but does no damage.
The quokka barely misses you.
Your bat hits the quokka but does no damage.
The quokka bites you.
You hit the quokka.
The quokka is almost dead.
Your bat hits the quokka but does no damage.
The quokka barely misses you.
Your bat hits the quokka but does no damage.
You hit the quokka but do no damage.
The quokka is almost dead.
Your bat barely misses the quokka.
The quokka closely misses you.
You hit the quokka but do no damage.
The quokka is severely wounded.
The quokka bites you.
You barely miss the quokka.
The quokka is severely wounded.
The quokka barely misses you. x2
You barely miss the quokka.
The quokka is severely wounded.
The quokka bites you but does no damage.
Casting: Summon Small Mammal (safe; 8% risk of failure)
Confirm with . or Enter, or press ? or * to list all spells.
The quokka closely misses you.
You hit the quokka but do no damage.
The quokka is severely wounded.
The quokka bites you but does no damage.
Your bat closely misses the quokka.
The quokka bites you.
You closely miss the quokka.
The quokka is severely wounded.
Your bat hits the quokka. The quokka bites you.
* * * LOW HITPOINT WARNING * * *
You barely miss the quokka.
The quokka is almost dead.
Your bat misses the quokka. The quokka bites you.
You die...

#### #.# # ##.## # #...##
### .....# .#####.. ....#
........ ####.#.# ######..
#....#r# ##. #.....@## #.
#..♣♣b..# #. #.♣♣♣♣♣.## #.
#.♣ ♣..# ### #. #.♣ ♣..#
#...... ##. #.♣ ♣..# #.#####
.....###.♣ ♣♣..########.####
#.......♣♣♣♣...............#
##..###.......# ######[##.#


You could see a quokka (ally target) and a friendly bat (summoned).

Vanquished Creatures
  3 endoplasms (D:1)
3 creatures vanquished.

Vanquished Creatures (collateral kills)
  A ball python (D:1)
  2 kobolds (D:1)
3 creatures vanquished.

Vanquished Creatures (others)
  4 fungi (D:1)
4 creatures vanquished.

Grand Total: 10 creatures vanquished

Notes
Turn   | Place    | Note
-------+----------+-------------------------------------------
     0 | D:1      | keekatzer the Ghoul Summoner began the quest for the Orb.
     0 | D:1      | Reached XP level 1. HP: 14/14 MP: 2/2
   133 | D:1      | Found a faded altar of an unknown god.
   137 | D:1      | Reached skill level 1 in Fighting
   282 | D:1      | Slain by a quokka

Illustrated notes

Levels and vault maps discovered:
D:1:      ebering_trefoil_twist, layout_loops_ring,
          shapermc_ecumenical_altar_acropolis, nrook_campfire

Skill      XL: |  1 |
---------------+----+-----
Fighting       | 1 |  1.5
Dodging        | |  1.7
Stealth        | |  2.1
Spellcasting   | |  1.7
Summonings     | |  3.6

Action                   || total
-------------------------++-------
Melee: Dagger            ||    22
       Short sword       ||     9
 Cast: Summon Small Mamm ||     5
Armor: Robe              ||     6
Dodge: Dodged            ||    16
